 Dungeon Crawl Stone Soup version 0.26-a0-1222-g14533b3512 (webtiles) character file.

Game seed: 6876151569882928461

4 CurlyBrace the Sneak (level 1, 0/10 HPs)
             Began as a Felid Delver on Dec 31, 2020.
             Slain by a human zombie (7 damage)
             ... in an ossuary.
             The game lasted 00:02:59 (210 turns).

CurlyBrace the Sneak (Felid Delver)                  Turns: 210, Time: 00:03:00

Health: 0/10       AC:  1    Str:  8    XL:     1   Next: 58%
Magic:  2/2        EV: 18    Int: 11    God:
Gold:   14         SH:  0    Dex: 17    Spells: 0/0 levels left
                                        Lives:  0   Deaths: 0

rFire    . . .     SeeInvis +     - Unarmed
rCold    . . .     Faith    .   (shield unavailable)
rNeg     . . .     Spirit   .   (armour unavailable)
rPois    .         Reflect  .   (helmet unavailable)
rElec    .         Harm     .   (cloak unavailable)
rCorr    .         Rampage  .   (gloves unavailable)
Will     .....                  (boots unavailable)
Stlth    ++++......             (no amulet)
HPRegen  0.03/turn              (no ring)
MPRegen  0.08/turn              (no ring)

@: quick
A: very small, no armour, no weapons or thrown items, stealth, claws 1, fangs 3,
see invisible, speed 1, shaggy fur 1, sharp paws
a: no special abilities


You were in an ossuary.
You visited 1 branch of the dungeon, and saw 2 of its levels.
You also visited: Ossuary.

You collected 14 gold pieces.

Inventory:

Wands
 d - a wand of acid (8)
   (You found it on level 5 of the Dungeon)
 v - a wand of digging (2)
Scrolls
 a - a scroll of fog
 b - 3 scrolls of amnesia {unknown}
 c - a scroll of fear
Potions
 e - a potion of curing {unknown}


   Skills:
 - Level 3.0 Fighting
 + Level 2.8 Dodging
 + Level 6.6 Stealth
 * Level 2.1 Unarmed Combat
 + Level 0.3 Evocations


You couldn't memorise any spells.
You didn't know any spells.
Your spell library was empty.

Dungeon Overview and Level Annotations

Branches:
Dungeon (6/15)            Ossuary (1/1)
 Temple: D:4-7

Altars:
Okawaru


Innate Abilities, Weirdness & Mutations

You cannot wear armour.
You are incapable of wielding weapons or throwing items.
Your paws allow you to move quietly. (Stealth)
You have sharp claws.
You have razor-sharp teeth.
You have supernaturally acute eyesight. (SInv)
You cover ground quickly.
You are covered in fur. (AC +1)
Your sharp claws are effective at attacking unaware monsters.


Message History

Aiming: Corrosive Bolt
Press: ? - help, Shift-Dir - straight line, f - human zombie
Aim: a human zombie (lightly damaged, 21% to evade)
The bolt of acid hits the human zombie!
The human zombie is splashed with acid.
The human zombie is heavily damaged.
You scratch the human zombie but do no damage.
The human zombie is heavily damaged.
Press: ? - help, v - describe, . - travel
Here: a human zombie (heavily damaged)
The floor.
Evoke which item? (* to show all) (? for menu, Esc to quit)
Aiming: Corrosive Bolt
Press: ? - help, Shift-Dir - straight line, f/p - human zombie
Aim: a human zombie (heavily damaged, 21% to evade)
The bolt of acid hits the human zombie!
The human zombie is splashed with acid.
The acid corrodes the human zombie!
The human zombie is almost destroyed.
The human zombie hits you!
Ouch! That really hurt!
You die...

#
##...##
#...#
##'##
#^^^#
#^∩^#
#^^^#
##^^^##
#??.Z.#
#
#?!∩@.#
#
#$???.#
#
#######


You could see a human zombie (corroded).

Vanquished Creatures
  An adder zombie (Ossuary)
  2 goblin zombies (Ossuary)
  A kobold zombie (Ossuary)
  A quokka zombie (Ossuary)
  A rat zombie (Ossuary)
6 creatures vanquished.

Vanquished Creatures (others)
  4 hobgoblin zombies (Ossuary)
  A rat zombie (Ossuary)
5 creatures vanquished.

Grand Total: 11 creatures vanquished

Notes
Turn   | Place    | Note
-------+----------+-------------------------------------------
     0 | D:5      | CurlyBrace the Felid Delver began the quest for the Orb.
     0 | D:5      | Reached XP level 1. HP: 10/10 MP: 2/2
     9 | D:5      | Noticed an ice beast
    49 | D:5      | Found an iron altar of Okawaru.
    49 | D:5      | Noticed a worker ant
    70 | D:5      | Found a sand-covered staircase.
    77 | Ossuary  | Entered an ossuary
   210 | Ossuary  | Slain by a human zombie

Illustrated notes

Levels and vault maps discovered:
D:5:      layout_basic, old_standard_altar, chequers_ossuary_entry_cave,
          mrwooster_statue_mirror, nrook_loot_triangle
D:6:      layout_basic, minmay_temple_entry_ruins,
          minmay_misc_feat_more_columns, uniq_grinder
Ossuary:  ossuary_minmay_chase

Action                   || total
-------------------------++-------
Melee: Unarmed           ||    11
Evoke: Wand              ||     3
  Use: Potion            ||     4
       Scroll            ||     1
 Stab: Sleeping          ||     2
       Invisible         ||     1
Armor: Skin              ||     2
Dodge: Dodged            ||    13

Table legend: (Time is in decaauts)
 A = Elapsed time spent in this place.
 B = Non-inter-level travel time spent in this place.
 C = Inter-level travel time spent in this place.
 D = Time resting spent in this place.
 E = Time spent auto-exploring this place.
 F = Levels seen in this place.
 G = Mean time per level.
                   A        B        C        D        E       F      G
               +--------+--------+--------+--------+--------+-----+--------+
         Total |    167 |    167 |      0 |     19 |      0 |   3 |   55.7 |
       Dungeon |     63 |     63 |      0 |      0 |      0 |   2 |   31.5 |
       Ossuary |    103 |    103 |      0 |     19 |      0 |   1 |  103.0 |
               +--------+--------+--------+--------+--------+-----+--------+

Top non-repeatable levels by time:
 Ossuary: 103 daAuts
     D:5: 61 daAuts
     D:6: 1 daAuts
